 Dungeon Crawl Stone Soup version 0.21-a0-507-ga8f6b7a (webtiles) character file.

431 slep the Poker (level 6, 0/56 HPs)
             Began as a Minotaur Monk on Nov 28, 2017.
             Slain by Edmund
             ... wielding a +0 flail of holy wrath
              (5 damage)
             ... on level 4 of the Dungeon.
             The game lasted 00:11:44 (2908 turns).

slep the Poker (Minotaur Monk)                      Turns: 2908, Time: 00:11:44

Health: 0/56       AC:  3    Str: 15    XL:     6   Next: 66%
Magic:  5/5        EV: 14    Int:  7    God:
Gold:   213        SH:  0    Dex: 20    Spells: 5/5 levels left

rFire    + . .     SeeInvis .   a - +0 spear
rCold    . . .     Gourm    .   (no shield)
rNeg     + . .     Faith    .   q - +0 leather armour {rF+}
rPois    .         Spirit   .   (helmet restricted)
rElec    .         Reflect  .   (no cloak)
rCorr    .         Harm     .   (no gloves)
MR       .....                  (no boots)
Stlth    ++........             (no amulet)
HPRegen  0.18/turn              t - ring of positive energy (curse)
MPRegen  0.09/turn              w - +5 ring of dexterity

@: no status effects
A: retaliatory headbutt, horns 2
a: no special abilities


You were on level 4 of the Dungeon.
You were hungry.

You visited 1 branch of the dungeon, and saw 4 of its levels.

You collected 213 gold pieces.

Inventory:

Hand Weapons
 a - a +0 spear (weapon)
 y - a +0 halberd
Missiles
 m - 9 poisoned needles
Armour
 b - a +0 robe
 j - a +0 chain mail
 q - a +0 leather armour of fire resistance (worn)
Jewellery
 t - a cursed ring of positive energy (left hand)
 w - a +5 ring of dexterity (right hand)
Wands
 s - a wand of polymorph (13)
 x - a wand of disintegration (12)
Scrolls
 d - 4 scrolls of remove curse {unknown}
 h - 2 scrolls of blinking {unknown}
 k - 3 scrolls of immolation {unknown}
 l - 5 scrolls of identify {unknown}
 o - a scroll of enchant armour {unknown}
 p - a scroll of fog {unknown}
 r - 2 scrolls of amnesia {unknown}
 v - a scroll of enchant weapon {unknown}
Potions
 e - a potion of brilliance {unknown}
 f - 2 potions of curing {unknown}
 n - a potion of haste {unknown}
 u - a potion of heal wounds {unknown}
 z - a potion of degeneration {unknown}
 B - a potion of agility {unknown}
Comestibles
 c - 4 bread rations
 g - a royal jelly
 i - 2 meat rations


   Skills:
 + Level 5.0 Fighting
 + Level 6.3 Polearms
 + Level 2.3 Armour
 + Level 4.2 Dodging
 + Level 3.0 Stealth
 + Level 0.8 Unarmed Combat


You had 5 spell levels left.
You didn't know any spells.

Dungeon Overview and Level Annotations

Branches:
Dungeon (4/15)
 Temple: D:4-7

Altars:
Qazlal

Annotations:
D:3 1 runed door
D:4 Blork the orc, Edmund, Purgy


Innate Abilities, Weirdness & Mutations

You reflexively headbutt those who attack you in melee.
You have a pair of horns on your head.


Message History

* * * LOW HITPOINT WARNING * * *
Purgy claws you.
* * * LOW HITPOINT WARNING * * *
There is an open door here.
All of the chunks of flesh in your inventory have rotted away.
You are feeling hungry.
Edmund says, "Everyone always remembers my brother. 'Who's Edmund?' they ask!"
Purgy hisses menacingly.
Edmund clears his throat.
You open the door.
Blork the orc comes into view.
He is wielding a halberd of flaming.
Purgy bites you.
* * * LOW HITPOINT WARNING * * *
Purgy barely misses you. Purgy claws you but does no damage.
Found 11 gold pieces.
Found a stone staircase leading up.
Purgy bites you.
* * * LOW HITPOINT WARNING * * *
Purgy barely misses you. Purgy completely misses you.
Edmund hits you with a flail of holy wrath.
You die...

#..<..............†.......
#.........................
######.##....####....##...
#...##.##....####'#### .
#..............#.....#
#..............+.....#
#.......†......#.....#
#......##......##...)#
###+#####@.....##....###
......#.@(............#
......'.T.............#
.$....#...............#
..<...#...............#
.o... #...............#
..... #...............#
.... ##.....###....###
.... #+##### #####


You could see Edmund and Purgy.

Vanquished Creatures
  A bullfrog (D:2)
  An orc wizard (D:2)
  Jessica (D:2)
  An iguana (D:4)
  Ijyb (D:3)
  Terence (D:2)
  Natasha (twice) (D:2)
  A worker ant (D:4)
  Robin (D:2)
  3 gnolls (D:3)
  2 adders
  2 oozes (D:2)
  An adder skeleton (D:4)
  2 worms
  A dart slug (D:3)
  5 leopard geckos
  6 bats
  3 giant cockroaches
  19 goblins
  14 hobgoblins
  3 jackals (D:2)
  2 quokkas (D:3)
  A ball python (D:2)
  4 frilled lizards
  5 kobolds
  8 rats
91 creatures vanquished.

Notes
Turn   | Place    | Note
-------+----------+-------------------------------------------
     0 | D:1      | slep the Minotaur Monk began the quest for the Orb.
     0 | D:1      | Reached XP level 1. HP: 19/19 MP: 0/0
   170 | D:1      | Reached XP level 2. HP: 21/27 MP: 1/1
   405 | D:1      | Reached skill level 4 in Polearms
   608 | D:2      | Reached XP level 3. HP: 26/33 MP: 2/2
   616 | D:2      | Noticed Robin
   639 | D:2      | Killed Robin
   752 | D:2      | Reached XP level 4. HP: 13/41 MP: 3/3
  1113 | D:2      | Noticed a bullfrog
  1122 | D:2      | Killed a bullfrog
  1122 | D:2      | Reached skill level 5 in Polearms
  1122 | D:2      | Reached skill level 1 in Armour
  1122 | D:2      | Reached XP level 5. HP: 29/47 MP: 4/4
  1128 | D:2      | Noticed Terence
  1142 | D:2      | Noticed Natasha
  1152 | D:2      | Killed Natasha
  1536 | D:2      | Noticed Jessica
  1551 | D:2      | Killed Jessica
  1553 | D:2      | Killed Terence
  1600 | D:2      | Noticed Natasha
  1606 | D:2      | Killed Natasha
  1606 | D:2      | Reached skill level 6 in Polearms
  1606 | D:2      | Reached XP level 6. HP: 33/55 MP: 5/5
  1706 | D:3      | Noticed a fire elemental
  1714 | D:3      | Found a stormy altar of Qazlal.
  1716 | D:3      | Noticed a water elemental
  1717 | D:3      | Noticed an air elemental
  2057 | D:3      | Found a runed door.
  2286 | D:3      | Noticed Ijyb
  2298 | D:3      | Killed Ijyb
  2652 | D:3      | Reached skill level 5 in Fighting
  2876 | D:4      | Noticed Purgy
  2885 | D:4      | Noticed Edmund
  2906 | D:4      | Noticed Blork the orc
  2908 | D:4      | Slain by Edmund

Vault maps used:
D:1:      minmay_arrival_stone_box, serial_forest, infiniplex_forest_3_way,
          infiniplex_forest_clump_medium, infiniplex_forest_zigzag_1,
          infiniplex_forest_diagonal, infiniplex_forest_lined_4_way,
          infiniplex_forest_clump_tiny, infiniplex_forest_straight_3
D:2:      minmay_pentomino_o4, uniq_terence, uniq_robin, uniq_natasha,
          uniq_jessica
D:3:      mumra_celtic_spiral_tile, nicolae_overflow_hidden_temple,
          nicolae_qazlal_style_of_elements, uniq_crazy_yiuf_cottage, uniq_ijyb
D:4:      lemuel_doored_altar, uniq_eustachio, uniq_blork_the_orc, uniq_purgy,
          uniq_edmund

Skill      XL: |  1  2  3  4  5  6 |
---------------+-------------------+-----
Fighting       | 4 5 |  5.0
Polearms       | 4 5 6 |  6.3
Stealth        | 2 3 |  3.0
Dodging        | 4 |  4.2
Armour         | 1 2 |  2.3
Unarmed Combat | |  0.8

Action                   |  1- 3 |  4- 6 || total
-------------------------+-------+-------++-------
Melee: Spear             |   101 |   160 ||   261
       Headbutt          |    14 |    38 ||    52
       Unarmed           |       |    12 ||    12
       Punch             |       |     2 ||     2
 Stab: Sleeping          |     1 |    10 ||    11
       Confused          |       |     2 ||     2
  Eat: Chunk             |       |     6 ||     6
Armor: Robe              |     3 |       ||     3
       Chain mail        |    43 |     1 ||    44
       Leather armour    |       |    22 ||    22
       Skin              |       |     4 ||     4
Dodge: Dodged            |    39 |    89 ||   128

Table legend:
 A = Spawn XP
 B = Non-spawn XP
 C = Spawn XP percentage of total XP
 D = Spawn monster count
 E = Non-spawn monster count
 F = Spawn count percentage of total count
 G = Total turns spent on level
                    A         B        C        D         E        F      G
               +---------+---------+-------+---------+---------+-------+---------
         Total |       0 |     616 |   0.0 |       0 |      91 |   0.0 |  2908
               +---------+---------+-------+---------+---------+-------+---------
           D:1 |       0 |      32 |   0.0 |       0 |      20 |   0.0 |   584
           D:2 |       0 |     373 |   0.0 |       0 |      44 |   0.0 |  1117
           D:3 |       0 |     137 |   0.0 |       0 |      24 |   0.0 |  1132
           D:4 |       0 |      74 |   0.0 |       0 |       3 |   0.0 |    75
               +---------+---------+-------+---------+---------+-------+---------
